[Event "44th Chess Olympiad Women 2022"]
[Site "Chennai"]
[Date "2022.08.08"]
[Round "10.9"]
[White "Agrest, Inna"]
[Black "Nandhidhaa, P V.."]
[Result "0-1"]
[WhiteElo "2217"]
[BlackElo "2312"]
[Annotator "RC"]
[PlyCount "134"]
[EventDate "2022.??.??"]
[TimeControl "60"]

1. e4 c5 2. Nf3 Nc6 3. d4 cxd4 4. Nxd4 Nf6 5. Nc3 d6 6. Bg5 e6 7. Qd2 a6 8. O-O-O Be7 9. f3 Nxd4 10. Qxd4 b5 11. Kb1 Bb7 12. Bd3 h6 13.
Bc1 Qc7 14. Rhe1 O-O 15. Qf2 b4 16. Ne2 a5 17. Qg3 Kh8 18.
Qh3 Nh7 19. g4 a4 20. f4 Rfc8 21. g5 b3 22. cxb3 axb3 23. a3 hxg5 24. fxg5 Ba6 25. Nc3 Qc5 26. e5 Bxd3+ 27. Rxd3 dxe5 28. Re4 Qf2 29. Re2 Qf5 30. Qxf5 exf5 31. Rxe5 Bxg5 32. Bxg5 Nxg5 33. Rxf5 f6 34. Rb5 Rab8 35. Rxb8 Rxb8 36. Rd5 Re8 37. a4 Re1+ 38. Rd1 Re5 39. Nd5 Ne4 40. Nc3 Nf2 41. Rd8+ Kh7 42. Kc1 Rh5 43. Rb8 Nd3+ 44. Kd2 Nxb2 45. Rxb3 Rxh2+ 46. Ke1 Nd3+ 47. Kf1 Rh1+ 48.
Kg2 Ra1 49. Rb7 Kh6 50. Ra7 f5 51. Nd5 g5 52. Ra8 Ra2+ 53.
Kg3 Nc5 54. Ne7 Ra3+ 55. Kg2 f4 56. Rh8+ Kg7 57. Rg8+ Kf6 58.
Nd5+ Kf5 59. Rf8+ Ke5 60. Nb6 Rg3+ 61. Kh2 Rc3 62. Re8+ Kf5 63. a5 Rc2+ 64. Kg1 Kg4 65. Nd5 Kg3 66. Kf1 f3 67. Re3 Nd3 0-1

[Event "44th Chess Olympiad Women 2022"]
[Site "Chennai"]
[Date "2022.08.08"]
[Round "10.9"]
[White "Johansson, Viktoria"]
[Black "Pratyusha, Bodda"]
[Result "0-1"]
[WhiteElo "2041"]
[BlackElo "2310"]
[Annotator "RC"]
[PlyCount "128"]
[EventDate "2022.??.??"]
[TimeControl "60"]

1. d4 d5 2. c4 e6 3. Nc3 Nf6 4. cxd5 exd5 5. Bg5 Be7 6. e3 c6 7. Bd3 Nbd7 8. Qc2 Nf8 9. h3 Ne6 10. Bh4 g6 11. Nf3 Ng7 12. O-O O-O 13.
Rac1 Bf5 14. a3 a5 15. Na4 Bxd3 16. Qxd3 Nf5 17. Bg5 Nd7 18. Bxe7 Qxe7 19. Nc5 Nd6 20. Nd2 Rfe8 21. Rfe1 f5 22. Nf3 Nf6 23. Ne5 Rec8 24. Qb3 Kg7 25. Na4 Rc7 26. Qd1 b5 27. Nc5 a4 28. Ncd3 Nc4 29. Qe2 Nd7 30. Nxd7 Qxd7 31. Nc5 Qd6 32. Rc2 Re7 33. Qd3 Rae8 34. Rce2 Qf6 35. b3 axb3 36. Qxb3 f4 37. a4 fxe3 38. fxe3 Nxe3 39. Qd3 Nc4 40. Rxe7+ Rxe7 41. Rxe7+ Qxe7 42. axb5 cxb5 43. Kf2 b4 44. Qf3 Qf6 45. Nb3 Qxf3+ 46. Kxf3 Kf6 47. h4 h6 48. g3 Kf5 49. g4+ Kf6 50. Kf4 g5+ 51. hxg5+ hxg5+ 52. Kf3 Ke7 53. Ke2 Kd6 54. Kd3 Kc6 55. Nc5 Kb5 56. Kc2 Na5 57. Kb2 Kc4 58. Ne6 b3 59. Nxg5 Kb4 60. Nf3 Nc4+ 61. Kb1 Ka3 62. g5 b2 63. g6 Kb3 64. g7 Na3# 0-1

[Event "44th Chess Olympiad Women 2022"]
[Site "Chennai"]
[Date "2022.08.08"]
[Round "10.9"]
[White "Karavade, Eesha"]
[Black "Cramling, Pia"]
[Result "1/2-1/2"]
[WhiteElo "2339"]
[BlackElo "2459"]
[Annotator "RC"]
[PlyCount "91"]
[EventDate "2022.??.??"]
[TimeControl "60"]

1. d4 Nf6 2. c4 e6 3. Nc3 Bb4 4. e3 O-O 5. Bd2 c5 6. a3 Bxc3 7. Bxc3 Ne4 8. Rc1 d6 9. Nf3 b6 10. Be2 Bb7 11. O-O Nxc3 12. Rxc3 Qe7 13. Qb1 Nd7 14. e4 e5 15. d5 g6 16. Nd2 Rae8 17. Re3 Kh8 18. Qc2 Bc8 19. Nb1 f5 20.
exf5 gxf5 21. f4 Qf6 22. Nc3 exf4 23. Rxe8 Rxe8 24. Rxf4 Ne5 25. Rf1 Bd7 26. Kh1 Qh4 27. Qc1 Ng6 28. Qd2 Qd4 29. Qh6 Qg7 30. Qxg7+ Kxg7 31. Kg1 Kf6 32. Kf2 f4 33. Rd1 Re7 34. Bd3 Re5 35. Rd2 Rh5 36. h3 Re5 37. Ne4+ Ke7 38. Re2 Nh4 39. g3 fxg3+ 40. Kxg3 Nf5+ 41. Kf4 Nd4 42. Re3 Rf5+ 43. Kg3 Re5 44. Kf4 Rf5+ 45. Kg3 Re5 46. Kf4 1/2-1/2

[Event "44th Chess Olympiad Women 2022"]
[Site "Chennai"]
[Date "2022.08.08"]
[Round "10.9"]
[White "Sahithi Varshini M"]
[Black "Cramling Bellon, Anna"]
[Result "1/2-1/2"]
[WhiteElo "2312"]
[BlackElo "2065"]
[Annotator "RC"]
[PlyCount "106"]
[EventDate "2022.??.??"]
[TimeControl "60"]

1. e4 c5 2. Nf3 e6 3. d4 cxd4 4. Nxd4 Nf6 5. Bd3 Nc6 6. Nb3 d5 7. exd5 exd5 8. O-O Be7 9. c3 O-O 10. Bf4 Bg4 11. Be2 Bf5 12. a4 Ne4 13.
N1d2 Nc5 14. Nxc5 Bxc5 15. Nb3 Bb6 16. Bb5 Bc7 17. Bxc7 Qxc7 18. Qxd5 Be6 19. Qd1 Rfd8 20. Qc2 Rd5 21. Bxc6 bxc6 22. Nd4 Rh5 23. f4 Bc4 24. Rf2 c5 25. Nf5 Rd8 26. Re1 g6 27. Ne3 Bd3 28.
Qc1 c4 29. Ng4 Qb6 30. Qe3 Qxe3 31. Rxe3 Ra5 32. Rd2 Rxa4 33. Ne5 Rb8 34. Nxd3 cxd3 35. Rexd3 Rxf4 36. g3 Ra4 37. Kf2 Rb3 38. Re3 a5 39. Ree2 Rc4 40. Rc2 a4 41. Re8+ Kg7 42. Ra8 h5 43. Ra7 Rb6 44. h3 h4 45.
gxh4 Rxh4 46. Kg3 g5 47. Rf2 Rf6 48. Rxf6 Kxf6 49. Ra6+ Ke7 50. Ra7+ Ke6 51. Ra6+ Ke7 52. Ra7+ Ke6 53. Ra6+ Ke7 1/2-1/2

[Event "44th Chess Olympiad Women 2022"]
[Site "Chennai"]
[Date "2022.08.08"]
[Round "10.10"]
[White "Cassi, Elisa"]
[Black "Gaal, Zsoka"]
[Result "0-1"]
[WhiteElo "1922"]
[BlackElo "2313"]
[Annotator "RC"]
[PlyCount "78"]
[EventDate "2022.??.??"]
[TimeControl "60"]

1. e4 c5 2. Nf3 Nc6 3. d4 cxd4 4. Nxd4 Nf6 5. Nc3 d6 6. f3 e5 7. Nb3 Be7 8. Be3 Be6 9. Qe2 O-O 10. O-O-O Qc8 11. Kb1 Rd8 12. Nd5 Bxd5 13. exd5 Nb4 14. g4 Nfxd5 15. Bc1 Nb6 16. f4 a5 17. a3 a4 18. Nd4 exd4 19. axb4 Re8 20. Rxd4 Bf6 21. Re4 Rxe4 22. Qxe4 a3 23. Bb5 g6 24. g5 d5 25. Qd3 Bxb2 26. Bxb2 axb2 27. Kxb2 Qb8 28. Qd4 Qa7 29. Kc3 Qa3+ 30. Kd2 Nc4+ 31. Bxc4 dxc4 32. Rb1 Re8 33. h4 Qf3 34. Rg1 Ra8 35. c3 Qh3 36. Kc1 Qh2 37. Kb1 Qa2+ 38.
Kc1 Qa1+ 39. Kd2 Ra2+ 0-1

[Event "44th Chess Olympiad Women 2022"]
[Site "Chennai"]
[Date "2022.08.08"]
[Round "10.10"]
[White "Hoang, Thanh Trang"]
[Black "Brunello, Marina"]
[Result "1-0"]
[WhiteElo "2376"]
[BlackElo "2341"]
[Annotator "RC"]
[PlyCount "103"]
[EventDate "2022.??.??"]
[TimeControl "60"]

1. d4 d5 2. c4 c6 3. Nf3 Nf6 4. Qc2 dxc4 5. Qxc4 Bf5 6. g3 e6 7. Bg2 Be7 8. O-O O-O 9. e3 Nbd7 10. Rd1 Qc7 11. Nc3 e5 12. h3 Bg6 13.
dxe5 Nxe5 14. Nxe5 Qxe5 15. Qb3 Qc7 16. e4 Bc5 17. Bf4 Qb6 18.
Qc2 Be7 19. Be3 Qa5 20. f4 h6 21. Qf2 Bb4 22. Bd4 Ne8 23.
a3 Be7 24. f5 Bh7 25. e5 Rd8 26. b4 Qc7 27. f6 gxf6 28. exf6 Rxd4 29. Rxd4 Bxf6 30. Rg4+ Bg6 31. Rc1 Qe5 32. Ne4 Bg7 33. Rf4 a5 34. Rd1 axb4 35. axb4 Qc7 36. Nc5 Nd6 37. Rg4 Re8 38. Qf4 Nb5 39. Qxc7 Nxc7 40. Rd7 Nb5 41. Be4 Bxe4 42. Nxe4 Kf8 43. Rxb7 Bd4+ 44. Nf2 Nc3 45. Kg2 c5 46. Rf4 Re7 47. Rxe7 Kxe7 48. Nd3 Nd5 49. Re4+ Kd6 50. bxc5+ Bxc5 51. Nxc5 Kxc5 52. Rh4 1-0

[Event "44th Chess Olympiad Women 2022"]
[Site "Chennai"]
[Date "2022.08.08"]
[Round "10.10"]
[White "Lazarne Vajda, Szidonia"]
[Black "Raccanello, Marianna"]
[Result "1-0"]
[WhiteElo "2313"]
[BlackElo "2067"]
[Annotator "RC"]
[PlyCount "51"]
[EventDate "2022.??.??"]
[TimeControl "60"]

1. d4 Nf6 2. c4 e6 3. Nc3 Bb4 4. Nf3 O-O 5. Bg5 c5 6. e3 Qa5 7. Bxf6 Bxc3+ 8. bxc3 Qxc3+ 9. Nd2 gxf6 10. Rb1 cxd4 11. Rb3 Qa5 12. exd4 Kh8 13. Rh3 Rg8 14. Bd3 Rg7 15. O-O Nc6 16. Nf3 d6 17. Rg3 Ne7 18. Qc1 Ng6 19. Qh6 Bd7 20. h4 Rag8 21. h5 Nf8 22. Qxf6 Qxh5 23. Rg5 Qxg5 24. Nxg5 Be8 25. f4 Nd7 26. Qh6 1-0

[Event "44th Chess Olympiad Women 2022"]
[Site "Chennai"]
[Date "2022.08.08"]
[Round "10.10"]
[White "Zimina, Olga"]
[Black "Gara, Ticia"]
[Result "1/2-1/2"]
[WhiteElo "2340"]
[BlackElo "2367"]
[Annotator "RC"]
[PlyCount "60"]
[EventDate "2022.??.??"]
[TimeControl "60"]

1. d4 Nf6 2. Nf3 e6 3. g3 d5 4. Bg2 Be7 5. O-O O-O 6. c4 dxc4 7. Qc2 b5 8. a4 Bb7 9. axb5 a6 10. Nc3 axb5 11. Rxa8 Bxa8 12. Nxb5 Bd5 13. Nc3 Nc6 14. e4 Nb4 15. Qe2 Bb7 16. Bg5 c5 17. dxc5 Nd3 18. Nd2 Nxc5 19. Nxc4 Qa8 20. Rd1 h6 21. Bxf6 Bxf6 22. Nd6 Bc6 23. b4 Nb7 24. b5 Bxc3 25. bxc6 Nxd6 26. Rxd6 Be5 27. Rd1 Qxc6 28. Qd2 Qb6 29. Bf1 Bf6 30. Qd6 Qxd6 1/2-1/2

[Event "44th Chess Olympiad Women 2022"]
[Site "Chennai"]
[Date "2022.08.08"]
[Round "10.11"]
[White "Bravo Mallco, Kate Azumi"]
[Black "Eizaguerri Floris, Maria"]
[Result "1/2-1/2"]
[WhiteElo "1958"]
[BlackElo "2176"]
[Annotator "RC"]
[PlyCount "116"]
[EventDate "2022.??.??"]
[TimeControl "60"]

1. e4 c5 2. Nf3 d6 3. d4 cxd4 4. Nxd4 Nf6 5. Nc3 a6 6. Bg5 e6 7. f4 Be7 8. Qf3 Qc7 9. O-O-O Nbd7 10. g4 h6 11. Bxf6 Bxf6 12. h4 Nb6 13.
g5 Bxd4 14. Rxd4 Qc5 15. Rd2 Bd7 16. Bd3 O-O-O 17. Rhd1 Na4 18. Nxa4 Bxa4 19. Kb1 Kb8 20. Bf1 Rc8 21. Rc1 hxg5 22. hxg5 Bc6 23. Bd3 Rh4 24. Qg3 Rch8 25. g6 f6 26. Rcd1 e5 27. f5 Bxe4 28.
Bxe4 Rxe4 29. Qb3 Rc4 30. a3 Rc8 31. Rxd6 Qf2 32. Rd7 R4c7 33.
Rxc7 Rxc7 34. Qd3 Ka7 35. b3 Qc5 36. Kb2 Qc6 37. Qe3+ b6 38.
Rd2 e4 39. Re2 Re7 40. Qd4 Kb7 41. Re3 Re5 42. Re2 a5 43. a4 Kc7 44. c3 Qc5 45. Rxe4 Qxd4 46. Rxd4 Rxf5 47. Rc4+ Kd6 48. Rd4+ Rd5 49. Rxd5+ Kxd5 50. Kc2 Ke4 51. Kd2 Kf5 52. b4 Kxg6 53. c4 Kf7 54. c5 Ke7 55. cxb6 Kd7 56. bxa5 Kc6 57. Ke3 g5 58. Ke4 g4 1/2-1/2

[Event "44th Chess Olympiad Women 2022"]
[Site "Chennai"]
[Date "2022.08.08"]
[Round "10.11"]
[White "Caballero Quijano, Mitzy Mishell"]
[Black "Garcia Martin, Marta"]
[Result "0-1"]
[WhiteElo "2035"]
[BlackElo "2305"]
[Annotator "RC"]
[PlyCount "80"]
[EventDate "2022.??.??"]
[TimeControl "60"]

1. d4 Nf6 2. Nf3 c5 3. d5 b5 4. Bg5 Ne4 5. Bf4 Bb7 6. Qd3 f5 7. Nbd2 c4 8. Qd4 Na6 9. c3 Nc7 10. Be5 d6 11. Bxg7 e5 12. Bxe5 dxe5 13.
Qxe5+ Qe7 14. Qxh8 Nf6 15. Nd4 Bxd5 16. Nxf5 Qe5 17. e4 Bxe4 18. Nxe4 Qxe4+ 19. Ne3 Kf7 20. Be2 Bc5 21. Qxa8 Qxa8 22. a4 Bxe3 23. fxe3 Qxg2 24. Rf1 b4 25. Bxc4+ Ke7 26. O-O-O bxc3 27. bxc3 Qc6 28. Rf4 Ne6 29. Rh4 Qxa4 30. Rf1 Nc5 31. Kd2 Nfe4+ 32. Rxe4+ Nxe4+ 33. Kd3 Nc5+ 34. Kd4 Nb3+ 35. Kd3 Nc5+ 36. Kd4 Ne6+ 37. Kd3 Qd7+ 38. Kc2 Qc6 39. Kb3 Nc5+ 40. Kb4 a5+ 0-1

[Event "44th Chess Olympiad Women 2022"]
[Site "Chennai"]
[Date "2022.08.08"]
[Round "10.11"]
[White "Calzetta Ruiz, Monica"]
[Black "Paredes Bustamante, Paula Elizab"]
[Result "1/2-1/2"]
[WhiteElo "2230"]
[BlackElo "2162"]
[Annotator "NA RC"]
[PlyCount "61"]
[EventDate "2022.??.??"]
[TimeControl "60"]

1. e4 c5 2. Nf3 d6 3. d4 cxd4 4. Nxd4 Nf6 5. Nc3 a6 6. Be2 e5 7. Nb3 Be7 8. Qd3 Nc6 9. a3 Be6 10. Nd5 Bxd5 11. exd5 e4 12. Qd1 Ne5 13. O-O O-O 14. c4 Qd7 15. Nd4 Rfc8 16. b3 b5 17. f4 exf3 18. Nxf3 bxc4 19. Nxe5 dxe5 20. Bxc4 Bc5+ 21. Kh1 Bd4 22. Ra2 Ne4 23. Qf3 Nd6 24. Rc2 f5 25. Qh3 Qa7 26. Bd2 Kh8 27. Bb4 Bc5 28. Bc3 Bd4 29. Bb4 Bc5 30. Bc3 Bd4 31. Bb4 1/2-1/2

[Event "44th Chess Olympiad Women 2022"]
[Site "Chennai"]
[Date "2022.08.08"]
[Round "10.11"]
[White "Vega Gutierrez, Sabrina"]
[Black "Chumpitaz, Ann"]
[Result "1-0"]
[WhiteElo "2366"]
[BlackElo "2278"]
[Annotator "RC"]
[PlyCount "73"]
[EventDate "2022.??.??"]
[TimeControl "60"]

1. e4 c5 2. Nf3 d6 3. d4 cxd4 4. Nxd4 Nf6 5. Nc3 Nc6 6. Nb3 g6 7. Be3 Bg7 8. Qd2 Ng4 9. Bf4 h5 10. h3 Nge5 11. Be3 Na5 12. Nxa5 Qxa5 13. Bd4 Kf8 14. f4 Nc6 15. Bxg7+ Kxg7 16. O-O-O Be6 17. Kb1 Rac8 18. a3 a6 19. Be2 b5 20. f5 gxf5 21. exf5 Bxf5 22. g4 Be6 23. gxh5 b4 24. axb4 Qxb4 25. Rhg1+ Kf8 26. Qg5 Ke8 27. Nd5 Qa5 28. Bg4 Rb8 29. Rgf1 Bxg4 30. hxg4 Rf8 31. Rfe1 Rb7 32. Rxe7+ Rxe7 33. Nf6+ Kd8 34. Rxd6+ Rd7 35. Rxd7+ Kc8 36.
Qxa5 Nxa5 37. Ra7 1-0

[Event "44th Chess Olympiad Women 2022"]
[Site "Chennai"]
[Date "2022.08.08"]
[Round "10.12"]
[White "Blagojevic, Tijana"]
[Black "Alinasab, Mobina"]
[Result "1-0"]
[WhiteElo "2330"]
[BlackElo "2364"]
[Annotator "RC"]
[PlyCount "107"]
[EventDate "2022.??.??"]
[TimeControl "60"]

1. e4 c5 2. Nf3 d6 3. d4 cxd4 4. Qxd4 Nc6 5. Bb5 Bd7 6. Qd3 Nf6 7. Bg5 e6 8. Nc3 a6 9. Bxc6 Bxc6 10. Nd4 Be7 11. O-O-O O-O 12. f4 Qa5 13. h4 Rfc8 14. g4 Be8 15. Rh3 Qc7 16. Bxf6 Bxf6 17. g5 Be7 18. f5 Qc4 19. Qf3 b5 20. fxe6 fxe6 21. b3 Qc5 22. Nxe6 Qe5 23. Nd4 d5 24. Nxd5 Bc5 25. Qf5 Qb8 26. b4 Bd6 27. e5 Bf8 28.
Rf1 Bg6 29. Qe6+ Kh8 30. h5 Re8 31. Qxg6 Qxe5 32. Nf6 gxf6 33. Qxf6+ Qxf6 34. gxf6 Bxb4 35. f7 Re4 36. c3 Bc5 37. Kc2 Rf8 38.
Kd3 Re5 39. Rf6 Kg7 40. Rxa6 Kxf7 41. Nxb5 Rd8+ 42. Nd4 Red5 43. Rh4 Be7 44. Rf4+ Kg8 45. Re4 R8d7 46. h6 Rh5 47. Rg4+ Kf8 48. Ke4 Ke8 49. Rg8+ Kf7 50. Rg7+ Ke8 51. Ra8+ Bd8 52. Rg8+ Ke7 53. Nf5+ Kf6 54. Raxd8 1-0

[Event "44th Chess Olympiad Women 2022"]
[Site "Chennai"]
[Date "2022.08.08"]
[Round "10.12"]
[White "Masoumi, Sahar"]
[Black "Eric, Jovana"]
[Result "0-1"]
[WhiteElo "1956"]
[BlackElo "2271"]
[Annotator "RC"]
[PlyCount "96"]
[EventDate "2022.??.??"]
[TimeControl "60"]

1. d4 Nf6 2. c4 e6 3. Nc3 Bb4 4. e3 O-O 5. Bd2 d5 6. Nf3 b6 7. cxd5 exd5 8.
Bd3 Bb7 9. O-O Nbd7 10. Ne5 Be7 11. f4 c5 12. Rf3 Ne4 13.
Be1 Ndf6 14. Ne2 Nd6 15. g4 Nfe4 16. Rh3 Qc8 17. Nc3 c4 18.
Rc1 b5 19. Bf1 f6 20. Nd3 Nxc3 21. Rxc3 Ne4 22. Rc1 Bc6 23. Nf2 Nd6 24. Bg2 g6 25. Rg3 Kh8 26. h4 a5 27. Kh1 Qd7 28. Bh3 b4 29. Bg2 Rab8 30.
Qe2 a4 31. e4 dxe4 32. Nxe4 Nxe4 33. Bxe4 Bb5 34. Qd2 f5 35. gxf5 gxf5 36. Bg2 Bxh4 37. Re3 Bf6 38. Rd1 Rfd8 39. d5 c3 40. bxc3 bxc3 41. Qc2 Qg7 42. Rxc3 Re8 43. Rcd3 Bxd3 44. Qxd3 Rb2 45. Bd2 Qg4 46. Qf3 Qh4+ 47. Kg1 Bd4+ 48. Kf1 Rxd2 0-1

[Event "44th Chess Olympiad Women 2022"]
[Site "Chennai"]
[Date "2022.08.08"]
[Round "10.12"]
[White "Velikic, Adela"]
[Black "Mahdian, Anousha"]
[Result "1/2-1/2"]
[WhiteElo "2273"]
[BlackElo "2161"]
[Annotator "NA RC"]
[PlyCount "98"]
[EventDate "2022.??.??"]
[TimeControl "60"]

1. e4 c6 2. d4 d5 3. e5 Bf5 4. Nf3 e6 5. Be2 Nd7 6. O-O a5 7. a4 f6 8. Re1 fxe5 9. dxe5 Bc5 10. Nbd2 Qb6 11. Rf1 Nh6 12. Nb3 Ng4 13. Nxc5 Qxc5 14. Bd3 O-O 15. Bxf5 Rxf5 16. Nd4 Rxe5 17. Qxg4 Re4 18. Nxe6 Rxg4 19. Nxc5 Nxc5 20. b3 Re4 21. Ba3 b6 22. f3 Re3 23. Rfe1 Rae8 24. Rxe3 Rxe3 25. Bxc5 bxc5 26. Kf2 Rc3 27. Ra2 c4 28. Rb2 cxb3 29. cxb3 c5 30. Ke2 Rc1 31. Rd2 d4 32. Rb2 c4 33. bxc4 Rxc4 34. Ra2 Kf7 35. Kd3 Rb4 36. Ke4 Ke6 37. f4 h5 38. g3 g6 39. Ra3 Rc4 40.
h3 Rb4 41. g4 hxg4 42. hxg4 d3+ 43. Ke3 d2 44. f5+ gxf5 45. gxf5+ Kxf5 46. Kxd2 Ke5 47. Kc2 Kd5 48. Rd3+ Kc5 49. Rc3+ Kd5 1/2-1/2

[Event "44th Chess Olympiad Women 2022"]
[Site "Chennai"]
[Date "2022.08.08"]
[Round "10.12"]
[White "Zahedifar, Anahita"]
[Black "Gajcin, Marina"]
[Result "1/2-1/2"]
[WhiteElo "2160"]
[BlackElo "2271"]
[Annotator "NA RC"]
[PlyCount "88"]
[EventDate "2022.??.??"]
[TimeControl "60"]

1. d4 Nf6 2. c4 c5 3. d5 g6 4. Nc3 d6 5. e4 Bg7 6. f4 O-O 7. Nf3 e6 8. Be2 exd5 9. cxd5 Bg4 10. O-O Nbd7 11. h3 Bxf3 12. Bxf3 Ne8 13. Qb3 Rb8 14. a4 a6 15. Be3 b5 16. axb5 Nc7 17. Qc2 axb5 18. e5 dxe5 19. f5 b4 20.
Na4 Nb5 21. Nxc5 Nxc5 22. Bxc5 Rc8 23. Qf2 e4 24. Bxe4 Rxc5 25. f6 Bxf6 26. Qxf6 Nd6 27. Qxd8 Rxd8 28. Bf3 Rc2 29. Rf2 Rxf2 30. Kxf2 Nc4 31. b3 Nd2 32. Ra4 Nxb3 33. Rxb4 Nd2 34. Rd4 Nxf3 35. Kxf3 Kf8 36. Ke4 Re8+ 37. Kf4 f6 38. Ra4 Re7 39. g4 g5+ 40. Kf5 Kf7 41. Re4 Rd7 42. Rd4 Re7 43. Re4 Rd7 44. Rd4 Re7 1/2-1/2

[Event "44th Chess Olympiad Women 2022"]
[Site "Chennai"]
[Date "2022.08.08"]
[Round "10.13"]
[White "Besso, Guadalupe"]
[Black "Levitan, Ronit"]
[Result "1/2-1/2"]
[WhiteElo "2059"]
[BlackElo "2084"]
[Annotator "NA RC"]
[PlyCount "64"]
[EventDate "2022.??.??"]
[TimeControl "60"]

1. d4 Nf6 2. c4 e6 3. Nf3 d5 4. Nc3 c5 5. e3 Nc6 6. a3 dxc4 7. Bxc4 a6 8. O-O b5 9. Bd3 Bb7 10. dxc5 Bxc5 11. b4 Bb6 12. Bb2 O-O 13. Rc1 Qe7 14. Ne4 Nxe4 15. Bxe4 Rac8 16. Qb3 Ba7 17. Rfd1 Na5 18. Bxh7+ Kxh7 19. bxa5 Bb8 20. Qd3+ Kg8 21. Rxc8 Rxc8 22. Qd4 f6 23. Qb4 Qc7 24. Rc1 Qd7 25. Rxc8+ Qxc8 26. Qd2 Qc7 27. Qc3 Bxf3 28. gxf3 Qxh2+ 29. Kf1 Qd6 30. Ke2 Kf7 31. f4 Bc7 32. Bc1 Qd8 1/2-1/2

[Event "44th Chess Olympiad Women 2022"]
[Site "Chennai"]
[Date "2022.08.08"]
[Round "10.13"]
[White "Borda Rodas, Anapaola S."]
[Black "Belenkaya, Dina"]
[Result "1/2-1/2"]
[WhiteElo "2183"]
[BlackElo "2256"]
[Annotator "NA RC"]
[PlyCount "69"]
[EventDate "2022.??.??"]
[TimeControl "60"]

1. e4 c6 2. Nf3 d5 3. exd5 cxd5 4. Ne5 Nc6 5. d4 Nf6 6. Bb5 Bd7 7. Nxd7 Qxd7 8. c3 e6 9. O-O Bd6 10. Nd2 Qc7 11. g3 h5 12. Nf3 Ng4 13.
Qe2 h4 14. Nxh4 Nxh2 15. Kxh2 Rxh4+ 16. Kg2 Rh8 17. Bg5 Be7 18. Bxe7 Qxe7 19. Bxc6+ bxc6 20. Qa6 Qc7 21. Rh1 Rxh1 22. Rxh1 Ke7 23. Rh7 Rg8 24. Qe2 c5 25. Qg4 cxd4 26. Qxd4 f6 27. b3 Qb7 28. Kg1 e5 29. Qg4 Kd6 30. Qf3 Qf7 31. Qg4 Qc7 32. c4 d4 33. f4 Qf7 34. Qf3 Qe6 35. Qe4 1/2-1/2

[Event "44th Chess Olympiad Women 2022"]
[Site "Chennai"]
[Date "2022.08.08"]
[Round "10.13"]
[White "Efroimski, Marsel"]
[Black "Campos, Maria Jose"]
[Result "1-0"]
[WhiteElo "2456"]
[BlackElo "2185"]
[Annotator "RC"]
[PlyCount "69"]
[EventDate "2022.??.??"]
[TimeControl "60"]

1. e4 e5 2. Nf3 Nc6 3. Bc4 Nf6 4. d3 Bc5 5. c3 a6 6. a4 Ba7 7. O-O d6 8. Re1 h6 9. Nbd2 g5 10. b4 g4 11. Nh4 Nh7 12. g3 Qf6 13.
Rf1 Ng5 14. Kg2 Nh3 15. Nb3 h5 16. b5 Ne7 17. f4 Be6 18.
f5 Bc8 19. d4 c6 20. Qe2 Bb8 21. b6 d5 22. Bd3 O-O 23. Bd2 Re8 24. Rae1 dxe4 25. Qxe4 Nd5 26. a5 Re7 27. c4 exd4 28. Qxd4 Qxd4 29. Nxd4 Rxe1 30. Rxe1 Nf6 31. Bc3 Bd7 32. Nb3 Bd6 33. Bxf6 c5 34. Be4 Re8 35. Kf1 1-0

[Event "44th Chess Olympiad Women 2022"]
[Site "Chennai"]
[Date "2022.08.08"]
[Round "10.13"]
[White "Lahav, Michal"]
[Black "Sarquis, Maria Belen"]
[Result "1-0"]
[WhiteElo "2191"]
[BlackElo "2072"]
[Annotator "NA RC"]
[PlyCount "71"]
[EventDate "2022.??.??"]
[TimeControl "60"]

1. e4 e5 2. Nf3 Nc6 3. Bb5 a6 4. Bxc6 dxc6 5. O-O Qf6 6.
d4 exd4 7. Bg5 Qd6 8. Nxd4 Bd7 9. Re1 Be7 10. e5 Qg6 11. e6 fxe6 12. Bxe7 Nxe7 13. Nd2 O-O-O 14. N2f3 Nf5 15. Ne5 Qf6 16. Nb3 h5 17. Qe2 Be8 18. Rad1 Kb8 19. Nc5 Ka7 20. Rxd8 Qxd8 21. Nxe6 Qe7 22. Nf4 Qf6 23. Qc4 g5 24. Nfd3 Rh7 25. Qc5+ b6 26. Qc3 Kb7 27. a4 Re7 28. a5 Qd6 29. axb6 cxb6 30. Ra1 a5 31. Nc4 Qd4 32. Nxa5+ bxa5 33. Qxa5 Qd5 34. Nc5+ Kc8 35. h3 g4 36. Qb6 1-0

[Event "44th Chess Olympiad Women 2022"]
[Site "Chennai"]
[Date "2022.08.08"]
[Round "10.14"]
[White "Berke, Ana"]
[Black "Sandu, Mihaela"]
[Result "1-0"]
[WhiteElo "2163"]
[BlackElo "2297"]
[Annotator "NA RC"]
[PlyCount "67"]
[EventDate "2022.??.??"]
[TimeControl "60"]

1. e4 c5 2. Nf3 d6 3. Bb5+ Nd7 4. O-O a6 5. Bd3 g6 6. c3 Bg7 7. Re1 Ngf6 8.
Bc2 O-O 9. d4 Qc7 10. a4 b6 11. d5 Rb8 12. h3 b5 13. axb5 axb5 14. Nbd2 Nb6 15. Qe2 Bd7 16. Bd3 Na4 17. Bc2 Ra8 18. Qe3 e6 19. dxe6 fxe6 20.
Nf1 Nh5 21. e5 d5 22. b3 Nb6 23. Rxa8 Nxa8 24. Qg5 Nb6 25. N1h2 Be8 26. Ng4 b4 27. Nh4 Qf7 28. cxb4 cxb4 29. Bd2 Qc7 30. Bxg6 hxg6 31. Nxg6 Bxg6 32. Qxg6 Nf4 33. Bxf4 Rxf4 34. Nf6+ 1-0

[Event "44th Chess Olympiad Women 2022"]
[Site "Chennai"]
[Date "2022.08.08"]
[Round "10.14"]
[White "Bulmaga, Irina"]
[Black "Medic, Mirjana"]
[Result "1-0"]
[WhiteElo "2394"]
[BlackElo "2194"]
[Annotator "RC"]
[PlyCount "73"]
[EventDate "2022.??.??"]
[TimeControl "60"]

1. e4 e6 2. d4 d5 3. Nc3 Nf6 4. Bg5 Be7 5. e5 Nfd7 6. Bxe7 Qxe7 7. f4 a6 8. Nf3 c5 9. dxc5 Nxc5 10. Bd3 Nc6 11. O-O b5 12. Ne2 Qa7 13.
Kh1 Nxd3 14. cxd3 O-O 15. Qd2 a5 16. Ng3 Bd7 17. f5 f6 18.
fxe6 Bxe6 19. exf6 Rxf6 20. Rac1 Rc8 21. Nh5 Rff8 22. Nf4 Qd7 23. h3 Qd6 24. Nxe6 Qxe6 25. Rfe1 Qd6 26. Qe3 b4 27. Qe6+ Qxe6 28. Re2 Qe4 29. Rxe4 Nd4 30. Re6 Nxe6 31. Rxc8 Nf4 32. Rc6 Re8 33. Ne5 h6 34. d4 Rc8 35. Ra6 Kf8 36. Nc6 Nd3 37. Kg1 1-0

[Event "44th Chess Olympiad Women 2022"]
[Site "Chennai"]
[Date "2022.08.08"]
[Round "10.14"]
[White "Cosma, Elena-Luminita"]
[Black "Radikovic, Anamarija"]
[Result "1/2-1/2"]
[WhiteElo "2248"]
[BlackElo "2099"]
[Annotator "NA RC"]
[PlyCount "64"]
[EventDate "2022.??.??"]
[TimeControl "60"]

1. Nf3 Nf6 2. g3 g6 3. b3 Bg7 4. Bb2 O-O 5. Bg2 d6 6. d4 b5 7. c4 bxc4 8. Nfd2 c6 9. Nxc4 d5 10. Ne5 Nfd7 11. Nxd7 Nxd7 12. O-O Rb8 13. Nc3 e5 14. Na4 Re8 15. Rc1 Nb6 16. Nxb6 Qxb6 17. dxe5 Bxe5 18. Bxe5 Rxe5 19. Qc2 Bf5 20. Qxc6 Rxe2 21. Bxd5 Bh3 22. Qxb6 Rxb6 23. Rfe1 Rxa2 24. Ra1 Rba6 25. Rxa2 Rxa2 26. Bc4 Rb2 27. Ra1 a5 28. f4 Rg2+ 29. Kh1 Rb2 30. Kg1 Rg2+ 31. Kh1 Rb2 32. Kg1 Rg2+ 1/2-1/2

[Event "44th Chess Olympiad Women 2022"]
[Site "Chennai"]
[Date "2022.08.08"]
[Round "10.14"]
[White "Ivekovic, Tihana"]
[Black "Lehaci, Miruna-Daria"]
[Result "1-0"]
[WhiteElo "2082"]
[BlackElo "2193"]
[Annotator "NA RC"]
[PlyCount "53"]
[EventDate "2022.??.??"]
[TimeControl "60"]

1. d4 d5 2. c4 e6 3. Nf3 a6 4. g3 dxc4 5. Bg2 Nc6 6. O-O Rb8 7. a4 b5 8. axb5 axb5 9. b3 cxb3 10. Bb2 Nf6 11. Qxb3 Be7 12. Rc1 Bd7 13. Ne1 Rb6 14. Nd3 O-O 15. Nd2 Be8 16. e3 Nb8 17. Nb4 Bd6 18. e4 Be7 19. e5 Bxb4 20.
Qxb4 Nfd7 21. Ra7 Na6 22. Qa5 Ndb8 23. Rcxc7 Nc6 24. Qxb6 Nxa7 25. Rb7 Qc8 26. Qxa6 Bc6 27. Rxa7 1-0

[Event "44th Chess Olympiad Women 2022"]
[Site "Chennai"]
[Date "2022.08.08"]
[Round "10.15"]
[White "Demchenko, Svitlana"]
[Black "Yao, Lan"]
[Result "0-1"]
[WhiteElo "2122"]
[BlackElo "2274"]
[Annotator "NA RC"]
[PlyCount "92"]
[EventDate "2022.??.??"]
[TimeControl "60"]

1. d4 Nf6 2. Nf3 e6 3. Bf4 b6 4. e3 Bb7 5. Bd3 Ne4 6. Nbd2 Nxd2 7. Qxd2 Be7 8. e4 d6 9. O-O h6 10. h3 Nd7 11. Rfe1 g5 12. Bg3 h5 13.
Qe2 g4 14. hxg4 hxg4 15. Nh2 Bh4 16. Qxg4 Bxg3 17. Qxg3 Qe7 18. e5 O-O-O 19. Be4 d5 20. Bf3 Rh4 21. Bg4 Rdh8 22. Bh3 Rxd4 23. Nf3 Re4 24. Qg7 Qf8 25. Qxf8+ Rxf8 26. Rxe4 dxe4 27. Ng5 Nxe5 28. Re1 Rg8 29. f4 Ng6 30. g3 Bd5 31. c4 Bxc4 32. Rxe4 Bd5 33. Rd4 Kb7 34. Kf2 c5 35. Rd1 Rf8 36. Bg2 Kc6 37. f5 Ne7 38. f6 Ng6 39. Be4 Ne5 40. Ke2 Rg8 41. Bxd5+ exd5 42. Ke3 Rxg5 43. Kf4 Rh5 44. g4 Ng6+ 45. Kg3 Re5 46. Rh1 Kd6 0-1